 Dungeon Crawl Stone Soup version 0.29.0-11-gd7f09526c8 (webtiles) character file.

Game seed: 2479584061302622123

8133 VictoriousLee the Carver (level 11, -4/86 HPs)
             Began as a Demonspawn Abyssal Knight on Sept 3, 2022.
             Was a Believer of Lugonu.
             Slain by a hornet (shapeshifter) (8 damage)
             ... on level 9 of the Dungeon.
             The game lasted 00:46:40 (12519 turns).

VictoriousLee the Carver (DsAK)                    Turns: 12519, Time: 00:46:41

Health: -4/86      AC: 21    Str: 24    XL:     11   Next: 5%
Magic:  17/17      EV: 23    Int: 15    God:    Lugonu [**....]
Gold:   571        SH:  0    Dex: 22    Spells: 8/10 levels left

rFire   + + .      SeeInvis .   M - +0 long sword (venom)
rCold   + . .      Faith    .   (no shield)
rNeg    . . .      Spirit   .   u - +4 chain mail "Fooh" {rF+ Slay+2}
rPois   .          Reflect  .   E - +0 hat
rElec   .          Harm     .   y - scarf {repulsion}
rCorr   .          Rampage  .   (no gloves)
Will    .....                   (no boots)
Stlth   ..........              F - amulet of the acrobat
HPRegen 0.24/turn               p - ring of protection from fire
MPRegen 0.15/turn               S - ring "Potaos" {rC+ Str+6 Int+4 Dex+8 Stlth-}

@: lethally poisoned (-4 -> -10), sanguine armoured, acrobatic, slowed, repel
missiles, very slow
A: powered by death 2, sanguine armour 2, demonic touch 2
a: Renounce Religion, Depart the Abyss, Bend Space


You were on level 9 of the Dungeon.
You worshipped Lugonu.
Lugonu was pleased with you.
You visited 2 branches of the dungeon, and saw 11 of its levels.
You visited the Abyss 2 times.

You collected 571 gold pieces.

Inventory:

Hand Weapons
 a - a +1 falchion
 h - a +2 great sword of electrocution
 j - a +1 dagger of draining
 z - a +0 quarterstaff of distortion
 M - a +0 long sword of venom (weapon)
 P - a +2 hammer of draining
 X - a +0 scimitar
Missiles
 n - 2 throwing nets
 R - 5 poisoned darts
Armour
 q - a +0 ring mail
 s - a +1 robe of positive energy
 u - the +4 chain mail "Fooh" (worn) {rF+ Slay+2}
   (You took it off an orc on level 3 of the Dungeon)

   Slay:      It affects your accuracy & damage with ranged weapons and melee
   (+2).
   rF:        It protects you from fire.
 y - a scarf of repulsion (worn)
 E - a +0 hat (worn)
 O - a +0 cloak
 T - +0 steam dragon scales
 U - +0 swamp dragon scales
 V - a +3 leather armour
Magical Staves
 W - a staff of air
Jewellery
 p - a ring of protection from fire (left hand)
 B - a ring of protection from fire
 F - an amulet of the acrobat (around neck)
 S - the ring "Potaos" (right hand) {rC+ Str+6 Int+4 Dex+8 Stlth-}
   (You found it on level 8 of the Dungeon)

   [ring of strength]

   Str:       It affects your strength (+6).
   Int:       It affects your intelligence (+4).
   Dex:       It affects your dexterity (+8).
   rC:        It protects you from cold.
   Stlth:     It makes you less stealthy.
Wands
 b - a wand of flame (15)
 t - a wand of charming (7)
Scrolls
 d - 3 scrolls of butterflies
 r - 3 scrolls of magic mapping {unknown}
 A - 2 scrolls of enchant weapon {unknown}
 C - 2 scrolls of blinking {unknown}
 H - 2 scrolls of poison {unknown}
Potions
 c - 3 potions of cancellation
 e - 2 potions of haste
 g - 2 potions of lignification
 i - 3 potions of mutation
 k - 4 potions of brilliance
 m - a potion of curing
 o - 3 potions of ambrosia
 D - a potion of attraction
 G - a potion of degeneration {unknown}
 I - 2 potions of invisibility {unknown}
 L - a potion of berserk rage {unknown}


   Skills:
 - Level 8.1 Fighting
 + Level 12.9 Long Blades
 - Level 1.7 Armour
 - Level 0.8 Dodging
 - Level 9.0 Invocations


You had 8 spell levels left.
You knew the following spells:

 Your Spells              Type           Power      Damage    Failure   Level
a - Passwall              Tmut/Erth      0%         N/A       97%         2

Your spell library contained the following spells:

 Spells                   Type           Power      Damage    Failure   Level
 Magic Dart               Conj           0%         1d3       91%         1
 Blink                    Tloc           0%         N/A       97%         2
 Call Imp                 Summ           0%         N/A       97%         2
 Ensorcelled Hibernation  Hex/Ice        0%         N/A       97%         2
 Lesser Beckoning         Tloc           0%         N/A       99%         3
 Mephitic Cloud           Conj/Pois/Air  0%         N/A       99%         3
 Ozocubu's Armour         Ice            0%         N/A       99%         3
 Swiftness                Air            0%         N/A       99%         3
 Airstrike                Air            0%         2d(0-16)  100%        4
 Summon Lightning Spire   Summ/Air       0%         N/A       100%        4
 Lightning Bolt           Conj/Air       0%         1d11      100%        5
 Manifold Assault         Tloc           0%         N/A       100%        5
 Ozocubu's Refrigeration  Ice            0%         4d7       100%        7


Dungeon Overview and Level Annotations

Branches:
Dungeon (10/15)            Temple (1/1) D:5
   Lair: D:8-11         Orc: D:9-12

Altars:
Ashenzari
Cheibriados
Dithmenos
Gozag
Hepliaklqana
Kikubaaqudgha
Makhleb
Nemelex Xobeh
Okawaru
Qazlal
Ru
Sif Muna
Trog
Uskayaw
Vehumet
Wu Jian
Xom
Yredelemnul
Jiyva

Shops:
D:3 :   D:8 :

Annotations:
D:7 1 runed translucent door, gelatine's ghost, novice DsVM
D:8 3 runed translucent doors, Zeldest's ghost, novice TeGl


Innate Abilities, Weirdness & Mutations

You regenerate health from kills.
When seriously injured, your blood forms thick armour. (AC +9)
Your touch may inflict irresistible damage on your foes.


Message History

You feel as though you will be slow longer.
You can move again.
You feel sick. The hornet stings you!
* * * LOW HITPOINT WARNING * * *
You shrug off the repeated paralysis!
The wraith hits you.
* * * LOW HITPOINT WARNING * * *
The wraith drains your vigour!
You feel as though you will be slow longer.
The hornet stings you.
* * * LOW HITPOINT WARNING * * *
You are more poisoned.
You feel as though you will be slow longer.
You climb upwards.
* * * LOW HITPOINT WARNING * * *
You feel very sick.
There is a stone staircase leading down here.
Okay, then.
Okay, then.
You feel better. The hornet closely misses you.
The wraith hits you but does no damage. The hornet closely misses you.
The wraith hits you but does no damage. The hornet closely misses you. x2
The wraith attacks as you move away! The wraith hits you but does no damage.
The hornet attacks as you move away! The hornet stings you.
* * * LOW HITPOINT WARNING * * *
You are poisoned.
You feel as though you will be slow longer.
You feel very sick. The hornet completely misses you.
The wraith closely misses you.
You feel better. The hornet stings you!
* * * LOW HITPOINT WARNING * * *
You are poisoned.
You suddenly lose the ability to move!
The wraith hits you!
* * * LOW HITPOINT WARNING * * *
The hornet stings you but does no damage.
You can move again.
* * * LOW HITPOINT WARNING * * *
You feel very sick. The hornet stings you!
You die...

.......####.......#
...#..............###
............##......######
[.....#....####..........#
.....###...# ##....#######
.#...# ##..###.>....#
..#..## ##..#.......##
.##...###.....#Wy....##
###.............@###..##
.................####..###
.....######..####.####...###
..##.## ##.## ##.####....#
.###..# ##..## ##......#.##
.# ##.###....####..##..##.#
.## #..#..##...##.###.###.#
..####....####....##.## ###
..#.......## #.......#


You could see a hornet and a wraith.

Vanquished Creatures
  A centaur warrior (D:9)
  Pikel (D:4)
  Maurice (D:8)
  A gargoyle (D:9)
  Maggie (D:8)
  A troll (D:9)
  Eustachio (D:6)
  3 wyverns
  4 yaks (D:9)
  4 steam dragons
  2 water moccasins
  3 orc warriors
  A black bear (D:6)
  An ogre (D:4)
  A centaur (D:7)
  A phantom (D:7)
  A lemure (D:4)
  A kobold brigand (D:9)
  2 bullfrogs
  A gnoll sergeant (D:9)
  A necrophage (D:8)
  15 wights
  7 killer bees
  An electric eel (D:9)
  Crazy Yiuf (D:6)
  A gnoll bouda (D:6)
  4 orc priests
  5 hounds
  2 iguanas
  Ijyb (D:3)
  8 orc wizards
  7 gnolls
  4 adders
  2 shadow imps
  A white imp (D:5)
  An ufetubus (D:7)
  A worm (D:2)
  23 orcs
  2 bats
  9 endoplasms
  4 giant cockroaches
  3 hobgoblins
  3 jackals (D:2)
  15 kobolds
  7 quokkas
  9 ball pythons
  3 frilled lizards
  9 goblins
  7 rats
188 creatures vanquished.

Vanquished Creatures (others)
  An orc (D:8)
  3 demonic plants (D:1)
  A plant (D:10)
  3 withered plants (D:1)
8 creatures vanquished.

Grand Total: 196 creatures vanquished

Notes
Turn   | Place    | Note
-------+----------+-------------------------------------------
     0 | Abyss:1  | VictoriousLee the Demonspawn Abyssal Knight began the quest
                  | for the Orb.
     0 | Abyss:1  | Reached XP level 1. HP: 18/18 MP: 2/2
    61 | Abyss:2  | Noticed a large abomination
    62 | D:1      | Escaped the Abyss
   136 | D:1      | Reached skill level 2 in Long Blades
   426 | D:1      | Found a faded altar of an unknown god.
   431 | D:1      | Reached ** piety under Lugonu
   432 | D:1      | Gained mutation: Your touch may inflict minor irresistible
                  | damage on your foes. [demonic ancestry]
   432 | D:1      | Reached XP level 2. HP: 20/24 MP: 3/3
   974 | D:1      | Reached skill level 3 in Long Blades
  1231 | D:2      | Gained mutation: Your touch may inflict irresistible damage
                  | on your foes. [demonic ancestry]
  1231 | D:2      | Reached XP level 3. HP: 20/28 MP: 4/4
  1318 | D:2      | Found a sparkling altar of Nemelex Xobeh.
  1540 | D:2      | Identified the +1 leather armour of Untruth {Str+4 Dex+4
                  | Slay-3}
  1869 | D:3      | Reached skill level 4 in Long Blades
  1869 | D:3      | Reached XP level 4. HP: 32/35 MP: 5/5
  1875 | D:3      | Reached *** piety under Lugonu
  1974 | D:3      | Learned a level 2 spell: Passwall
  2245 | D:3      | Found Afomohir's Book Shop.
  2335 | D:3      | Gained mutation: You regenerate a little health from kills.
                  | [demonic ancestry]
  2335 | D:3      | Reached XP level 5. HP: 38/41 MP: 6/6
  2533 | D:3      | Noticed Ijyb
  2549 | D:3      | Killed Ijyb
  2550 | D:3      | Reached skill level 5 in Long Blades
  2780 | D:3      | Identified the +4 chain mail "Fooh" {rF+ Slay+2}
  3427 | D:4      | Noticed a lemure
  3427 | D:4      | Noticed a lemure
  3427 | D:4      | Noticed a lemure
  3427 | D:4      | Noticed a lemure
  3427 | D:4      | Noticed Pikel
  3445 | D:4      | Killed a lemure
  3452 | D:4      | Killed Pikel
  3453 | D:4      | Reached skill level 7 in Long Blades
  3453 | D:4      | Gained mutation: When seriously injured, your blood forms
                  | armour. (AC +9) [demonic ancestry]
  3453 | D:4      | Reached XP level 6. HP: 19/47 MP: 7/7
  3453 | D:4      | Reached XP level 7. HP: 21/52 MP: 8/8
  3642 | Abyss:2  | Cast into level 2 of the Abyss (kobold)
  3694 | Abyss:3  | Noticed a sixfirhy
  3695 | Abyss:3  | Noticed a cacodemon
  3696 | D:4      | Escaped the Abyss
  3915 | D:4      | Identified the +5 trident of the Depths {holy, rC- Int+4}
  4547 | D:5      | Entered Level 5 of the Dungeon
  4664 | D:5      | Reached skill level 8 in Long Blades
  5082 | D:5      | Found a staircase to the Ecumenical Temple.
  5089 | Temple   | Entered the Ecumenical Temple
  5917 | D:6      | Reached XP level 8. HP: 53/61 MP: 9/9
  5924 | D:6      | Reached skill level 5 in Fighting
  5969 | D:6      | Found a sacrificial altar of Ru.
  6320 | D:6      | Noticed Eustachio
  6357 | D:6      | Killed Eustachio
  6852 | D:6      | Found a runed translucent door.
  6853 | D:6      | Noticed Crazy Yiuf
  6859 | D:6      | Killed Crazy Yiuf
  7190 | D:7      | Gained mutation: When seriously injured, your blood forms
                  | thick armour. (AC +9) [demonic ancestry]
  7190 | D:7      | Reached XP level 9. HP: 48/74 MP: 12/12
  7326 | D:7      | Found a runed translucent door.
  7329 | D:7      | Noticed gelatine's ghost (novice DsVM)
  7543 | D:7      | Reached skill level 5 in Invocations
  8399 | D:8      | Found an ancient bone altar of Kikubaaqudgha.
  8414 | D:8      | Identified the ring "Potaos" {rC+ Str+6 Int+4 Dex+8 Stlth-}
  8454 | D:8      | Noticed Maggie
  8478 | D:8      | Killed Maggie
  8681 | D:8      | Found an opulent altar of Gozag.
  8740 | D:8      | Found a runed translucent gate.
  8740 | D:8      | Found a runed translucent gate.
  8741 | D:8      | Found a runed translucent gate.
  8741 | D:8      | Noticed Zeldest's ghost (novice TeGl)
  8745 | D:8      | Found a viscous altar of Jiyva.
  8808 | D:8      | Reached skill level 9 in Long Blades
  8882 | D:8      | Noticed Maurice
  8891 | D:8      | Killed Maurice
  8948 | D:8      | Found Kaqet's Book Shoppe.
  9081 | D:8      | Gained mutation: You regenerate health from kills. [demonic
                  | ancestry]
  9081 | D:8      | Reached XP level 10. HP: 55/80 MP: 16/16
  9435 | D:9      | Noticed a gargoyle
  9445 | D:9      | Killed a gargoyle
  9446 | D:9      | Reached skill level 10 in Long Blades
  9886 | D:9      | Reached skill level 11 in Long Blades
  9930 | D:9      | Found a shadowy altar of Dithmenos.
  9930 | D:9      | Found a hide-covered altar of Uskayaw.
 10000 | D:9      | Reached **** piety under Lugonu
 10000 | D:9      | Noticed a two-headed ogre
 10379 | D:9      | Banished a two-headed ogre
 10571 | D:9      | Reached skill level 12 in Long Blades
 11768 | D:10     | Entered Level 10 of the Dungeon
 11799 | D:10     | Noticed an orc knight
 11801 | D:10     | Noticed a centaur warrior
 11829 | D:10     | Banished an orc knight
 11837 | D:10     | HP: 2/80 [centaur warrior (8)]
 11844 | D:10     | Noticed a cyclops
 12359 | D:9      | Killed a centaur warrior
 12360 | D:9      | Reached XP level 11. HP: 55/86 MP: 17/17
 12511 | D:10     | Paralysed by a hornet for 2 turns
 12518 | D:9      | Paralysed by a hornet for 1 turns
 12519 | D:9      | HP: 4/86 [poisoned by a hornet]
 12519 | D:9      | Slain by a hornet (shapeshifter)

Illustrated notes

Levels and vault maps discovered:
D:1:      tarquinn_simple_flora_water_b, layout_rooms,
          shapermc_ecumenical_altar_gd
D:2:      layout_basic, basic_altar, kennysheep_generic_room_4
D:3:      layout_loops_ring, mainiacjoe_overflow_brackets, serial_shops, shop,
          uniq_ijyb
D:4:      layout_loops_ring, uniq_pikel
D:5:      layout_rooms, tso_metal_star, minmay_temple_entry_fiery,
          serial_co_window_serial, co_window_paths_a,
          co_window_of_opportunity_a, co_window_paths_b,
          co_window_of_opportunity_a, co_window_cross_1, co_window_corner_ca,
          co_window_corner_ca, co_window_2corner, co_window_2corner,
          co_window_corner_b, co_window_of_opportunity_b, co_window_4corner_b,
          co_window_paths_d, glass_columns_b, glass_columns_a, glass_columns_c,
          glass_columns_c, glass_columns_b
D:6:      hellmonk_destroyed_diamonds, layout_loops_ring,
          nicolae_ru_sacrificial_ziggurat, uniq_eustachio,
          uniq_crazy_yiuf_cottage
D:7:      cheibrodos_steamvent, layout_basic, ebering_ghost_reflecting_pool
D:8:      layout_basic, mainiacjoe_overflow_catch_the_wave,
          gammafunk_ghost_ooze, serial_shops, shop, uniq_maurice, uniq_maggie
D:9:      layout_layer_cave, nicolae_overflow_two_pavilions
D:10:     layout_big_octagon, fedhas_altar_1, hangedman_abyss_or_decor_passed,
          minmay_shattered_shrine
Temple:   eino_temple_water

Skill      XL: |  1  2  3  4  5  6  7  8  9 10 |
---------------+-------------------------------+-----
Long Blades    | 2 3 4 7 8 9 12 | 12.9
Fighting       | 4 8 |  8.1
Invocations    | 4 9 |  9.0
Armour         | |  1.7
Dodging        | |  0.8

Action                   |  1- 3 |  4- 6 |  7- 9 | 10-12 || total
-------------------------+-------+-------+-------+-------++-------
Melee: Falchion          |   108 |   110 |   260 |   168 ||   646
       Punch             |     3 |       |     5 |     3 ||    11
       Touch             |    15 |    16 |    48 |    34 ||   113
       Dagger            |       |     2 |       |       ||     2
       Long sword        |       |       |       |     6 ||     6
Throw: Throwing net      |       |       |     1 |       ||     1
Invok: Depart the Abyss  |     1 |       |     1 |       ||     2
       Banish            |       |       |       |    11 ||    11
Evoke: Wand              |       |       |     1 |     5 ||     6
  Use: Scroll            |       |       |     7 |     8 ||    15
       Potion            |       |       |       |     7 ||     7
Armor: Leather armour    |    39 |     2 |       |       ||    41
       Ring mail         |       |    27 |       |       ||    27
       Chain mail        |       |    17 |   121 |    90 ||   228
Dodge: Dodged            |    58 |    28 |    97 |   119 ||   302
       Repelled          |       |       |     1 |     1 ||     2
